 Dungeon Sprint DCSS version 0.29-a0-352-g0917bc69df (webtiles) character file.

Game seed: 9439476567151316105

502763 mhtbhm the Minotaur Porcupine (level 20, 0/324 HPs)
             Began as a Minotaur Berserker on Apr 24, 2022.
             Was a High Priest of Trog.
             Engulfed by Lom Lobon's freezing vapour (2 damage)
             ... in the Dungeon (Sprint IX: "|||||||||||||||||||||||||||||").
             The game lasted 00:32:36 (14885 turns).

mhtbhm the Minotaur Porcupine (Minotaur Berserker) Turns: 14885, Time: 00:32:37

Health: 0/324      AC: 50    Str: 35    XL:     20   Next: 40%
Magic:  20/20      EV: 18    Int:  2    God:    Trog [*****.]
Gold:   853        SH: 18    Dex: 12    Spells: 19/19 levels left

rFire   + . .      SeeInvis .   w - +9 morningstar (holy)
rCold   + + .      Faith    .   P - +1 kite shield {rN+}
rNeg    + . .      Spirit   .   b - +12 gold dragon scales
rPois   +          Reflect  .   L - +2 hat
rElec   .          Harm     .   v - +2 cloak
rCorr   +          Rampage  +   r - +1 pair of gloves
Will    +++..      NoTele   +   Y - +0 pair of boots of Follow the Leader {rCorr Dex+2}
Stlth   ..........              T - amulet of Teolleq {Rampage rC+ Regen+}
HPRegen 2.44/turn               H - +6 ring of strength
MPRegen 0.17/turn               x - ring of protection from fire

@: berserking (expiring), fire vulnerable, strong-willed (expiring), flying
(expiring), regenerating (expiring), very quick
A: horns 2, retaliatory headbutt, dopey 1, screaming 1, weak 1, subdued magic 1
}: 10/17 runes: decaying, serpentine, barnacled, slimy, elven, silver, golden,
bone, abyssal, gossamer
a: Renounce Religion, Berserk, Trog's Hand, Brothers in Arms


You were in the Dungeon.
You worshipped Trog.
Trog was extremely pleased with you.
You visited 1 branch You collected 1948 gold pieces.
You spent 1095 gold pieces at shops.

Inventory:

Hand Weapons
 a - the +6 glaive "Kefavon" {vorpal, +Blink rPois Str+3}
   (Trog gifted it to you in the Dungeon)

   It inflicts extra damage upon your enemies.
   Str:       It affects your strength (+3).
   rPois:     It protects you from poison.
   +Blink:    It lets you blink.
 w - a +9 morningstar of holy wrath (weapon)
 z - a +6 vorpal demon trident
 A - the +8 frozen axe "Frostbite" {freezing cloud, *Noise Fly rC+}
   (Trog gifted it to you in the Dungeon)

   It freezes those it strikes, dealing additional cold damage.
   It can also slow down cold-blooded creatures.
   It occasionally leaves clouds of freezing vapour upon striking a foe.
   It grants immunity to clouds of freezing vapour.
   rC:        It protects you from cold.
   Fly:       It grants you flight.
   *Noise:    It may make noises in combat.
 D - a +1 demon trident of draining
 F - a +4 vorpal demon trident
 N - a +1 eveningstar of holy wrath
 Q - a +8 eveningstar of flaming
Missiles
 t - 5 javelins (quivered)
 C - a silver boomerang
 E - 5 throwing nets
 O - 5 silver javelins
Armour
 b - +12 gold dragon scales (worn)
 r - a +1 pair of gloves (worn)
 s - the +0 tower shield of the Piercing Gods {rF+ Int+6}
   (You took it off Mennas in the Dungeon)

   Int:       It affects your intelligence (+6).
   rF:        It protects you from fire.
 v - a +2 cloak (worn)
 G - a +0 kite shield of reflection
 K - the +2 chain mail of Dishonour {+Blink rN+++ Regen+ Str-5}
   (You found it in the Dungeon)

   Str:       It affects your strength (-5).
   rN:        It renders you almost immune to negative energy.
   +Blink:    It lets you blink.
   Regen:     It increases your rate of health regeneration.
 L - a +2 hat (worn)
 P - a +1 kite shield of positive energy (worn)
 Y - the +0 pair of boots of Follow the Leader (worn) {rCorr Dex+2}
   (You found it in the Dungeon)

   Dex:       It affects your dexterity (+2).
   rCorr:     It protects you from acid and corrosion.
Jewellery
 l - a ring of see invisible
 o - a ring of willpower
 u - an amulet of reflection
 x - a ring of protection from fire (right hand)
 y - a ring of protection from cold
 H - a +6 ring of strength (left hand)
 I - a +6 ring of strength
 J - a +2 ring of slaying
 S - a +4 ring of protection
 T - the amulet of Teolleq (around neck) {Rampage rC+ Regen+}
   (You found it in the Dungeon)

   [amulet of regeneration]

   rC:        It protects you from cold.
   Regen:     It increases your rate of health regeneration.
   Rampage:   It bestows one free step when moving towards enemies.
 U - the ring of Egge {rC+ rCorr Int+3}
   (You found it in the Dungeon)

   [ring of resist corrosion]

   Int:       It affects your intelligence (+3).
   rC:        It protects you from cold.
   rCorr:     It protects you from acid and corrosion.
 V - the ring of Niovyac {Contam rC+ Will+ Dex+3 Slay+2}
   (You found it in the Dungeon)

   [ring of dexterity]

   Dex:       It affects your dexterity (+3).
   Slay:      It affects your accuracy & damage with ranged weapons and melee
   (+2).
   rC:        It protects you from cold.
   Contam:    It causes magical contamination when unequipped.
   Will:      It increases your willpower.
 W - the ring "Dyakhaoq" {Fly Will+ Slay+3}
   (You found it in the Dungeon)

   [ring of slaying]

   Slay:      It affects your accuracy & damage with ranged weapons and melee
   (+3).
   Fly:       It grants you flight.
   Will:      It increases your willpower.
 X - the ring of Zion {Wiz Dex+4}
   (You found it in the Dungeon)

   [ring of wizardry]

   It improves your spell success rate.
   Dex:       It affects your dexterity (+4).
Wands
 j - a wand of acid (10)
 B - a wand of digging (12)
Scrolls
 h - a scroll of blinking
 p - 2 scrolls of identify
 q - 5 scrolls of fog
 M - 6 scrolls of fear
Potions
 c - 8 potions of curing
 d - 2 potions of heal wounds
 e - 7 potions of haste
 f - 9 potions of magic
 g - a potion of berserk rage
 i - a potion of invisibility
 k - 3 potions of mutation
 m - a potion of might
 n - 2 potions of resistance
Miscellaneous
 R - the horn of Geryon


   Skills:
 O Level 27 Fighting
 - Level 2.2(2.7) Short Blades
 - Level 2.5(3.0) Long Blades
 + Level 26.6(27) Axes
 O Level 27 Maces & Flails
 O Level 27 Polearms
 - Level 2.5(24.6) Staves
 - Level 2.2(19.6) Slings
 - Level 2.2 Bows
 - Level 2.3 Crossbows
 O Level 27 Throwing
 O Level 27 Armour
 O Level 27 Dodging
 O Level 27 Stealth
 O Level 27 Shields
 - Level 2.0 Unarmed Combat
 - Level 1.8 Invocations
 + Level 25.4 Evocations


You had 19 spell levels left.
You didn't know any spells.
Your spell library was empty.

Dungeon Overview and Level Annotations

Branches:
Dungeon (1/1)

Altars:
Cheibriados
Dithmenos
Elyvilon
Fedhas
Gozag
Hepliaklqana
Kikubaaqudgha
Makhleb
Nemelex Xobeh
Okawaru
Qazlal
Ru
Sif Muna
Trog
Uskayaw
Vehumet
Wu Jian
Xom
Yredelemnul
Zin
The Shining One
Beogh
Jiyva
Lugonu

Shops:
D =*:=

Annotations:
D Cerebov, Lom Lobon, Mnoleg


Innate Abilities, Weirdness & Mutations

You have a pair of horns on your head.
You reflexively headbutt those who attack you in melee.
You are dopey. (Int -2)
You occasionally shout uncontrollably at your foes.
You are weak. (Str -2)
Your spells are a little easier to cast, but a little less powerful.


Message History

* * * LOW HITPOINT WARNING * * *
You block Lom Lobon's attack.
Unknown command.
Unknown command.
Unknown command.
You puncture Cerebov!
Cerebov convulses!
Cerebov is moderately wounded.
You are engulfed in freezing vapours.
You resist.
* * * LOW HITPOINT WARNING * * *
Cerebov hits you but does no damage.
Mnoleg gestures.
Unknown command.
Unknown command.
Unknown command.
You spit Cerebov like a pig!!!
Cerebov convulses!!
Cerebov is heavily wounded.
You are engulfed in freezing vapours.
You resist.
* * * LOW HITPOINT WARNING * * *
x2 You block Lom Lobon's attack.
Cerebov hits you with the +6 sword of Cerebov {flame}!!
* * * LOW HITPOINT WARNING * * *
Cerebov burns you.
* * * LOW HITPOINT WARNING * * *
Unknown command.
Unknown command.
Press: ? - help, v - describe, . - travel The floor, spattered with blood.
There is a cloud of freezing vapour here.
You hit Cerebov but do no damage. You headbutt Cerebov!
Cerebov is heavily wounded.
You are engulfed in freezing vapours.
You resist. You block Lom Lobon's attack.
Cerebov shouts, "Thy throat shall be my mouthful!"
Cerebov gestures.
Unknown command.
Unknown command.
You puncture Cerebov!
Cerebov convulses!
You headbutt Cerebov, but do no damage.
Cerebov is heavily wounded.
You are engulfed in freezing vapours.
You resist.
You die...

▓▓▓▓▓▓▓▓▓▓▓▓▓▓▓▓▓▓▓▓▓▓▓▓
XXX&X2&@&§°§°..'.'......
▓▓▓▓▓▓▓▓▓▓▓▓▓▓▓▓▓▓▓▓▓▓▓▓▓▓▓▓▓▓▓▓
▓...............................
▓.▓▓▓▓▓▓▓▓▓▓▓▓▓▓▓▓▓▓▓▓▓▓▓▓▓▓▓▓▓▓
▓......'.........).'.......).'..
▓▓▓▓▓▓▓▓▓▓▓▓▓▓▓▓▓▓▓▓▓▓▓▓▓▓▓▓▓▓▓▓
▓...............................
▓.▓▓▓▓▓▓▓▓▓▓▓▓▓▓▓▓▓▓▓▓▓▓▓▓▓▓▓▓▓▓
▓.....'............)......'.)...


You could see Cerebov (fast, resistant), Lom Lobon (fast, vortex), Mnoleg, a
balrug (summoned) and 4 large abominations.

Vanquished Creatures
  Ereshkigal (D)
  the Royal Jelly (D)
  Dispater (D)
  5 orbs of fire (D)
  5 ancient liches (D)
  Mennas (D)
  Boris (D)
  7 royal mummies (D)
  Frederick (D)
  Margery (D)
  Geryon (D)
  5 golden dragons (D)
  A bone dragon (D)
  An electric golem (D)
  Rupert (D)
  3 tentacled monstrosities (D)
  3 liches (D)
  A hellephant (D)
  27 Orb Guardians (D)
  5 deep elf blademasters (D)
  A quicksilver dragon (D)
  8 acid blobs (D)
  3 death cobs (D)
  A deep elf master archer (D)
  14 sphinxes (D)
  7 shadow dragons (D)
  A tentacled starspawn (D)
  Kirke (D)
  A storm dragon (D)
  Ilsuiw (D)
  A tengu reaver (D)
  4 nagarajas (D)
  Donald (D)
  6 azure jellies (D)
  4 rockslimes (D)
  A fenstrider witch (D)
  6 frost giants (D)
  3 emperor scorpions (D)
  An orc warlord (D)
  5 fire giants (D)
  2 draconian knights (D)
  A vault warden (D)
  2 draconian scorchers (D)
  A deep elf sorcerer (D)
  Louise (D)
  3 ironbound preservers (D)
  5 draconian shifters (D)
  6 ghost moths (D)
  2 very ugly things (D)
  A spriggan defender (D)
  3 stone giants (D)
  2 draconian stormcallers (D)
  A war gargoyle (D)
  3 quicksilver oozes (D)
  An ironbound thunderhulk (D)
  A draconian annihilator (D)
  A starcursed mass (D)
  A bunyip (D)
  A green draconian (D)
  Nessos (D)
  3 white draconians (D)
  2 black draconians (D)
  4 red draconians (D)
  5 vampire knights (D)
  2 eleionomae (D)
  A deep elf demonologist (D)
  2 yellow draconians (D)
  2 spark wasps (D)
  3 deep elf annihilators (D)
  4 purple draconians (D)
  Snorg (D)
  A merfolk impaler (D)
  6 merfolk javelineers (D)
  3 ettins (D)
  5 fire dragons (D)
  A deep elf death mage (D)
  6 mummy priests (D)
  A great orb of eyes (D)
  25 vault guards (D)
  Harold (D)
  4 deep elf high priests (D)
  4 hydras (D)
  2 yaktaur captains (D)
  A boulder beetle (D)
  3 spriggan air magi (D)
  A salamander tyrant (D)
  2 ironbound frosthearts (D)
  5 ice dragons (D)
  2 centaur warriors (D)
  3 merfolk aquamancers (D)
  A ghost crab (D)
  A deep troll shaman (D)
  3 naga warriors (D)
  A naga sharpshooter (D)
  Urug (D)
  A deep troll earth mage (D)
  2 spriggan berserkers (D)
  6 hell knights (D)
  A fire crab (shapeshifter) (D)
  A goliath frog (D)
  3 pharaoh ants (D)
  A sea snake (D)
  6 swamp dragons (D)
  A bog body (D)
  A steelbarb worm (D)
  5 wizards (D)
  2 lindwurms (D)
  An ironbound convoker (D)
  3 orc knights (D)
  A necromancer (D)
  3 harpies (D)
  A phantasmal warrior (D)
  A deep elf pyromancer (D)
  9 orc sorcerers (D)
  An ugly thing (D)
  A wolf spider (D)
  A will-o-the-wisp (D)
  An elephant (D)
  12 moths of wrath (D)
  2 cyclopes (D)
  A manticore (D)
  6 naga magi (D)
  2 black mambas (D)
  Psyche (D)
  A komodo dragon (D)
  4 cane toads (D)
  An unseen horror (D)
  2 demonic crawlers (D)
  A rime drake (D)
  15 guardian mummies (D)
  2 ancient zymes (D)
  A troll (D)
  A wandering mushroom (D)
  5 tyrant leeches (D)
  6 merfolk (D)
  A hornet (D)
  3 slime creatures (D)
  A snapping turtle (D)
  3 blink frogs (D)
  A dream sheep (D)
  12 spriggans (D)
  2 jumping spiders (D)
  2 wyverns (D)
  A yak (D)
  2 wraiths (D)
  A shadow (D)
  2 basilisks (D)
  2 small abominations (D)
  2 redbacks (D)
  2 golden eyes (D)
  3 hogs (D)
  A vampire mosquito (D)
  4 nagas (D)
  4 water moccasins (D)
  2 floating eyes (D)
  2 large abominations (D)
  9 orc warriors (D)
  A black bear (D)
  An ogre (D)
  A bullfrog (D)
  A scorpion (D)
  A gnoll sergeant (D)
  7 orc priests (D)
  8 orc wizards (D)
  A white imp (D)
  A dart slug (D)
  7 orcs (D)
  A hobgoblin (D)
  2 quokkas (D)
  A ball python simulacrum (D)
  2 frilled lizards (D)
  A jackal simulacrum (D)
507 creatures vanquished.

Vanquished Creatures (collateral kills)
  Antaeus (D)
  A titan (D)
  A nagaraja (D)
  A vampire knight (D)
  An ettin (D)
  A wizard (D)
  An ironbound convoker (D)
  A naga mage (D)
8 creatures vanquished.

Vanquished Creatures (others)
  A draconian knight (D)
  A hydra (D)
  2 swamp dragons (D)
  A moth of wrath (D)
  2 humans (D)
  5 ball lightnings (D)
12 creatures vanquished.

Grand Total: 527 creatures vanquished

Notes
Turn   | Place    | Note
-------+----------+-------------------------------------------
     0 | D        | mhtbhm the Minotaur Berserker began the quest for the Orb.
     0 | D        | Reached XP level 1. HP: 19/19 MP: 0/0
    10 | D        | Reached ** piety under Trog
    83 | D        | Noticed an ogre
    83 | D        | Noticed an orc priest
    83 | D        | Noticed a scorpion
    91 | D        | Killed a scorpion
    92 | D        | Reached XP level 2. HP: 26/31 MP: 1/1
    92 | D        | Reached XP level 3. HP: 33/38 MP: 2/2
    93 | D        | Reached *** piety under Trog
    94 | D        | Reached XP level 4. HP: 38/45 MP: 3/3
   101 | D        | Killed an ogre
   102 | D        | Reached XP level 5. HP: 41/56 MP: 4/4
   253 | D        | Found a snail-covered altar of Cheibriados.
   253 | D        | Found a shadowy altar of Dithmenos.
   253 | D        | Found a white marble altar of Elyvilon.
   253 | D        | Found a blossoming altar of Fedhas.
   253 | D        | Found an opulent altar of Gozag.
   254 | D        | Found a hazy altar of Hepliaklqana.
   255 | D        | Found a viscous altar of Jiyva.
   256 | D        | Found an ancient bone altar of Kikubaaqudgha.
   257 | D        | Found a corrupted altar of Lugonu.
   258 | D        | Found a burning altar of Makhleb.
   259 | D        | Found a sparkling altar of Nemelex Xobeh.
   260 | D        | Found an iron altar of Okawaru.
   261 | D        | Found a stormy altar of Qazlal.
   262 | D        | Found a sacrificial altar of Ru.
   263 | D        | Found a shimmering blue altar of Sif Muna.
   264 | D        | Found a bloodstained altar of Trog.
   265 | D        | Found a hide-covered altar of Uskayaw.
   266 | D        | Found a radiant altar of Vehumet.
   267 | D        | Found an ornate altar of the Wu Jian Council.
   268 | D        | Found a shimmering altar of Xom.
   269 | D        | Found a basalt altar of Yredelemnul.
   270 | D        | Found a glowing silver altar of Zin.
   271 | D        | Found a glowing golden altar of the Shining One.
   314 | D        | Got the +2 halberd of Ginon {vorpal, *Noise rPois Dex+4
                  | Stlth+}
   326 | D        | Noticed a wraith
   326 | D        | Noticed a shadow
   328 | D        | Killed a shadow
   328 | D        | Reached **** piety under Trog
   329 | D        | Reached skill level 10 in Fighting
   329 | D        | Reached skill level 10 in Polearms
   329 | D        | Reached skill level 5 in Armour
   329 | D        | Reached skill level 5 in Dodging
   329 | D        | Reached XP level 6. HP: 66/66 MP: 5/5
   336 | D        | Killed a wraith
   336 | D        | Reached ***** piety under Trog
   337 | D        | Reached XP level 7. HP: 75/75 MP: 6/6
   340 | D        | Killed an unseen horror
   393 | D        | Noticed a wraith
   393 | D        | Noticed a basilisk
   393 | D        | Noticed a slime creature
   393 | D        | Noticed a centaur warrior
   393 | D        | Noticed a troll
   393 | D        | Noticed a basilisk
   400 | D        | Killed a basilisk
   402 | D        | Killed a troll
   403 | D        | Reached XP level 8. HP: 86/86 MP: 7/7
   409 | D        | Killed a centaur warrior
   410 | D        | Reached skill level 15 in Polearms
   412 | D        | Killed a slime creature
   413 | D        | Reached XP level 9. HP: 66/96 MP: 8/8
   421 | D        | Reached skill level 15 in Fighting
   567 | D        | Noticed a rime drake
   567 | D        | Noticed a cane toad
   567 | D        | Noticed a komodo dragon
   572 | D        | Killed a komodo dragon
   577 | D        | Killed a cane toad
   577 | D        | Reached ****** piety under Trog
   583 | D        | Killed a rime drake
   589 | D        | Received a gift from Trog
   877 | D        | Noticed a cane toad
   878 | D        | Noticed a black mamba
   881 | D        | Reached XP level 10. HP: 110/110 MP: 9/9
   882 | D        | Killed a cane toad
   883 | D        | Reached skill level 10 in Armour
   890 | D        | Killed a black mamba
   892 | D        | Noticed an elephant
   903 | D        | Killed an elephant
   903 | D        | Received a gift from Trog
   952 | D        | Noticed a cane toad
   963 | D        | Killed a cane toad
   964 | D        | Noticed a cane toad
  1346 | D        | Received a gift from Trog
  1349 | D        | Killed a cane toad
  1427 | D        | Noticed Urug
  1436 | D        | Killed Urug
  1437 | D        | Reached XP level 11. HP: 109/121 MP: 10/10
  1603 | D        | Identified the +6 glaive "Kefavon" {vorpal, +Blink rPois
                  | Str+3} (Trog gifted it to you in the Dungeon)
  1603 | D        | Received a gift from Trog
  1790 | D        | Noticed an orc knight
  1790 | D        | Noticed an orc knight
  1793 | D        | Reached skill level 10 in Dodging
  1801 | D        | Killed an orc knight
  1802 | D        | Reached skill level 1 in Stealth
  1804 | D        | Killed an orc knight
  1809 | D        | Noticed an orc sorcerer
  1812 | D        | Received a gift from Trog
  1817 | D        | Noticed a sixfirhy
  1819 | D        | Killed an orc sorcerer
  1985 | D        | Found Unkaph's Jewellery Boutique.
  1985 | D        | Noticed an orc sorcerer
  1985 | D        | Noticed an orc sorcerer
  1985 | D        | Noticed an orc sorcerer
  1985 | D        | Noticed an orc sorcerer
  1986 | D        | Noticed an orc sorcerer
  1991 | D        | Killed an orc sorcerer
  1991 | D        | Received a gift from Trog
  1996 | D        | Killed an orc sorcerer
  2000 | D        | Found Ropuvofi's Book Shop.
  2000 | D        | Noticed an orc sorcerer
  2002 | D        | Killed an orc sorcerer
  2003 | D        | Killed an orc sorcerer
  2003 | D        | Received a gift from Trog
  2004 | D        | Killed an orc sorcerer
  2009 | D        | Found Topt's Assorted Antiques.
  2014 | D        | Killed an orc sorcerer
  2016 | D        | Found Ybiwunam's Jewellery Shop.
  2024 | D        | Received a gift from Trog
  2024 | D        | Noticed an orc sorcerer
  2031 | D        | Killed an orc sorcerer
  2035 | D        | Noticed an orc sorcerer
  2039 | D        | Killed an orc sorcerer
  2082 | D        | Bought an amulet of reflection for 360 gold pieces
  2084 | D        | Bought a potion of haste for 230 gold pieces
  2084 | D        | Bought an embroidered cloak for 172 gold pieces
  2084 | D        | Bought a potion of heal wounds for 115 gold pieces
  2084 | D        | Bought a scroll labelled NODOTU REXKUNURY for 23 gold
                  | pieces
  2096 | D        | Bought a ring of see invisible for 195 gold pieces
  2291 | D        | Noticed Psyche
  2298 | D        | Killed Psyche
  2298 | D        | Received a gift from Trog
  2395 | D        | Noticed a five-headed hydra
  2395 | D        | Noticed a fire crab
  2395 | D        | Noticed a deep elf pyromancer
  2399 | D        | Killed a deep elf pyromancer
  2401 | D        | Noticed a green ugly thing
  2403 | D        | Noticed a fire dragon
  2405 | D        | Noticed a spark wasp
  2411 | D        | Killed a fire crab
  2411 | D        | Received a gift from Trog
  2415 | D        | Noticed a spriggan berserker
  2416 | D        | Killed a nine-headed hydra
  2417 | D        | Reached XP level 12. HP: 137/137 MP: 11/11
  2573 | D        | Noticed a spriggan air mage
  2575 | D        | Killed a fire dragon
  2577 | D        | Noticed a red very ugly thing
  2580 | D        | Killed a spark wasp
  2594 | D        | Killed a spriggan air mage
  2594 | D        | Identified the +3 quarterstaff of Mutilation {vorpal,
                  | Str+5} (Trog gifted it to you in the Dungeon)
  2594 | D        | Received a gift from Trog
  2600 | D        | Killed a red very ugly thing
  2608 | D        | Noticed a fire giant
  2618 | D        | Killed a fire giant
  2619 | D        | Reached skill level 1 in Shields
  2637 | D        | Noticed a fire dragon
  2645 | D        | Killed a fire dragon
  2646 | D        | Reached skill level 15 in Armour
  2937 | D        | Noticed Nessos
  2948 | D        | Killed Nessos
  3243 | D        | Noticed a fenstrider witch
  3243 | D        | Noticed an eleionoma
  3243 | D        | Noticed a bunyip
  3248 | D        | Killed a bunyip
  3258 | D        | Killed an eleionoma
  3260 | D        | Killed a fenstrider witch
  3260 | D        | Received a gift from Trog
  3262 | D        | Noticed an eleionoma
  3265 | D        | Killed an eleionoma
  3267 | D        | Received a gift from Trog
  3275 | D        | Reached XP level 13. HP: 151/151 MP: 12/12
  3328 | D        | Received a gift from Trog
  3652 | D        | Received a gift from Trog
  3710 | D        | Noticed a nagaraja
  3715 | D        | Received a gift from Trog
  3717 | D        | Killed a nagaraja
  3737 | D        | Received a gift from Trog
  4168 | D        | Noticed a merfolk impaler
  4195 | D        | Killed a merfolk impaler
  4195 | D        | Received a gift from Trog
  4196 | D        | Reached skill level 1 in Evocations
  4347 | D        | Noticed Harold
  4357 | D        | Killed Harold
  4440 | D        | Noticed Snorg
  4453 | D        | Killed Snorg
  4478 | D        | Noticed an ettin
  4478 | D        | Noticed a cyan very ugly thing
  4478 | D        | Noticed a spriggan defender
  4478 | D        | Noticed a frost giant
  4489 | D        | Killed a frost giant
  4490 | D        | Reached skill level 27 in Polearms
  4492 | D        | Noticed a frost giant
  4497 | D        | Killed a spriggan defender
  4497 | D        | Received a gift from Trog
  4498 | D        | Noticed a fire dragon
  4499 | D        | Killed a cyan very ugly thing
  4501 | D        | Killed an ettin
  4502 | D        | Reached skill level 5 in Shields
  4502 | D        | Noticed a frost giant
  4507 | D        | Noticed a spark wasp
  4510 | D        | Killed a frost giant
  4779 | D        | Killed a fire dragon
  4780 | D        | Reached skill level 27 in Fighting
  4782 | D        | Killed a frost giant
  4783 | D        | Reached XP level 14. HP: 168/168 MP: 13/13
  4784 | D        | Received a gift from Trog
  4820 | D        | Noticed a frost giant
  5110 | D        | Noticed a fire giant
  5111 | D        | Noticed a tengu reaver
  5112 | D        | Noticed a fire giant
  5117 | D        | Killed a frost giant
  5121 | D        | Killed a fire giant
  5121 | D        | Received a gift from Trog
  5124 | D        | Killed a tengu reaver
  5127 | D        | Killed a fire giant
  5127 | D        | Received a gift from Trog
  5454 | D        | Received a gift from Trog
  5478 | D        | Identified the +1 halberd "Udexol" {flame, rPois Int-5
                  | Dex+3} (Trog gifted it to you in the Dungeon)
  5478 | D        | Received a gift from Trog
  5489 | D        | Reached skill level 10 in Shields
  5496 | D        | Received a gift from Trog
  5793 | D        | Noticed an ironbound preserver
  5796 | D        | Noticed an orc warlord
  5800 | D        | Noticed an ironbound thunderhulk
  5802 | D        | Killed an ironbound preserver
  5812 | D        | Killed an orc warlord
  5812 | D        | Received a gift from Trog
  5818 | D        | Killed an ironbound thunderhulk
  6097 | D        | Got the +2 chain mail of Dishonour {+Blink rN+++ Regen+
                  | Str-5}
  6257 | D        | Noticed Margery
  6266 | D        | Killed Margery
  6268 | D        | Received a gift from Trog
  6273 | D        | Reached skill level 27 in Armour
  6283 | D        | Noticed Donald
  6584 | D        | Killed Donald
  6710 | D        | Noticed an emperor scorpion
  6716 | D        | Killed a ghost moth
  6718 | D        | Received a gift from Trog
  6720 | D        | Noticed an emperor scorpion
  6722 | D        | Killed a ghost moth
  6723 | D        | Reached skill level 15 in Shields
  6725 | D        | Killed a ghost moth
  6729 | D        | Killed an emperor scorpion
  6732 | D        | Reached XP level 15. HP: 174/174 MP: 0/14
  6736 | D        | Killed an emperor scorpion
  6740 | D        | Received a gift from Trog
  6751 | D        | Noticed an emperor scorpion
  6756 | D        | Killed an emperor scorpion
  6761 | D        | Got a gossamer rune of Zot
  6904 | D        | Noticed Ilsuiw
  6908 | D        | Identified the +9 spear of Tagaez Bythro {vorpal, rC+}
                  | (Trog gifted it to you in the Dungeon)
  6908 | D        | Received a gift from Trog
  6931 | D        | Killed Ilsuiw
  6931 | D        | Received a gift from Trog
  6958 | D        | Received a gift from Trog
  6960 | D        | HP: 6/174 [merfolk/+0 trident (14)]
  6970 | D        | Got a barnacled rune of Zot
  7391 | D        | Noticed a nagaraja
  7391 | D        | Noticed a nagaraja
  7395 | D        | Killed a nagaraja
  7396 | D        | Noticed a nagaraja
  7399 | D        | Killed a nagaraja
  7401 | D        | Received a gift from Trog
  7407 | D        | Noticed a nagaraja
  7410 | D        | Killed a nagaraja
  7420 | D        | Killed a nagaraja
  7423 | D        | Received a gift from Trog
  7442 | D        | Got a serpentine rune of Zot
  7487 | D        | Received a gift from Trog
  7662 | D        | Received a gift from Trog
  7677 | D        | Got a decaying rune of Zot
  7714 | D        | Noticed Boris
  7729 | D        | Killed Boris
  7823 | D        | Received a gift from Trog
  7824 | D        | Reached skill level 27 in Shields
  7832 | D        | Reached skill level 15 in Dodging
  7871 | D        | Received a gift from Trog
  8119 | D        | Reached XP level 16. HP: 182/183 MP: 15/15
  8141 | D        | Received a gift from Trog
  8240 | D        | Received a gift from Trog
  8258 | D        | Received a gift from Trog
  8260 | D        | Noticed a shadow dragon
  8273 | D        | Noticed a shadow dragon
  8276 | D        | Killed a shadow dragon
  8276 | D        | Noticed a sphinx
  8281 | D        | Received a gift from Trog
  8287 | D        | Killed a shadow dragon
  8293 | D        | Killed a sphinx
  8308 | D        | Identified the +8 trident of the Big Fish {antimagic, rF++
                  | Dex-5 Stlth+} (Trog gifted it to you in the Dungeon)
  8308 | D        | Received a gift from Trog
  8611 | D        | Noticed a shadow dragon
  8611 | D        | Noticed a shadow dragon
  8611 | D        | Noticed a golden dragon
  8611 | D        | Noticed a shadow dragon
  8624 | D        | Killed a golden dragon
  8634 | D        | Killed a shadow dragon
  8640 | D        | Killed a shadow dragon
  8643 | D        | Noticed a shadow dragon
  8645 | D        | Killed a shadow dragon
  8651 | D        | Reached skill level 27 in Dodging
  8653 | D        | Noticed a titan
  8655 | D        | Killed a shadow dragon
  8655 | D        | Received a gift from Trog
  8656 | D        | Reached skill level 1 in Short Blades
  8656 | D        | Reached skill level 1 in Long Blades
  8656 | D        | Reached skill level 1 in Axes
  8656 | D        | Reached skill level 1 in Maces & Flails
  8656 | D        | Reached skill level 1 in Staves
  8656 | D        | Reached skill level 1 in Slings
  8656 | D        | Reached skill level 1 in Bows
  8656 | D        | Reached skill level 1 in Crossbows
  8656 | D        | Reached skill level 1 in Throwing
  8656 | D        | Reached skill level 1 in Unarmed Combat
  8656 | D        | Reached skill level 1 in Invocations
  8659 | D        | Killed a titan
  8870 | D        | Got a silver rune of Zot
  8903 | D        | Noticed Rupert
  8907 | D        | Paralysed by Rupert for 2 turns
  8912 | D        | Killed Rupert
  8993 | D        | Got the amulet of Teolleq {Rampage rC+ Regen+}
  8995 | D        | Got the ring of Egge {rC+ rCorr Int+3}
  8997 | D        | Got the ring of Niovyac {Contam rC+ Will+ Dex+3 Slay+2}
  8999 | D        | Got the ring "Dyakhaoq" {Fly Will+ Slay+3}
  9001 | D        | Got the ring of Zion {Wiz Dex+4}
  9044 | D        | Got the +0 pair of boots of Follow the Leader {rCorr Dex+2}
  9145 | D        | Noticed Frederick
  9146 | D        | Identified the +0 tower shield of the Piercing Gods {rF+
                  | Int+6}
  9146 | D        | Noticed Mennas
  9152 | D        | Killed Frederick
  9172 | D        | Killed Mennas
  9172 | D        | Received a gift from Trog
  9173 | D        | Reached skill level 5 in Throwing
  9173 | D        | Reached skill level 5 in Stealth
  9173 | D        | Reached skill level 5 in Evocations
  9177 | D        | Noticed Louise
  9184 | D        | Killed Louise
  9225 | D        | Noticed Kirke
  9234 | D        | Killed Kirke
  9367 | D        | Noticed a sphinx
  9370 | D        | Received a gift from Trog
  9379 | D        | Killed a sphinx
  9390 | D        | Received a gift from Trog
  9502 | D        | Noticed a golden dragon
  9510 | D        | Killed a golden dragon
  9510 | D        | Received a gift from Trog
  9511 | D        | Reached skill level 10 in Maces & Flails
  9511 | D        | Reached XP level 17. HP: 191/191 MP: 17/17
  9528 | D        | Noticed a bone dragon
  9558 | D        | Killed a bone dragon
  9558 | D        | Received a gift from Trog
  9559 | D        | Reached skill level 10 in Throwing
  9567 | D        | Reached skill level 10 in Stealth
  9567 | D        | Reached skill level 10 in Evocations
  9683 | D        | Received a gift from Trog
  9767 | D        | Noticed a quicksilver dragon
  9780 | D        | Killed a quicksilver dragon
  9780 | D        | Received a gift from Trog
  9784 | D        | Noticed an orb of fire
  9794 | D        | Gained mutation: You are dopey. (Int -2) [an orb of fire]
  9800 | D        | Gained mutation: You occasionally shout uncontrollably at
                  | your foes. [an orb of fire]
  9811 | D        | Killed an orb of fire
  9812 | D        | Reached skill level 15 in Maces & Flails
 10108 | D        | Noticed a tentacled monstrosity
 10108 | D        | Noticed a tentacled monstrosity
 10118 | D        | Killed a tentacled monstrosity
 10118 | D        | Received a gift from Trog
 10127 | D        | Killed a tentacled monstrosity
 10150 | D        | Received a gift from Trog
 10185 | D        | Received a gift from Trog
 10438 | D        | Noticed a golden dragon
 10451 | D        | Noticed a tentacled monstrosity
 10455 | D        | Noticed a golden dragon
 10464 | D        | Received a gift from Trog
 10469 | D        | Killed a golden dragon
 10473 | D        | Killed a tentacled monstrosity
 10474 | D        | Reached skill level 15 in Throwing
 10477 | D        | Killed a golden dragon
 10620 | D        | Noticed an Orb Guardian
 10620 | D        | Noticed an Orb Guardian
 10620 | D        | Noticed an Orb Guardian
 10620 | D        | Noticed an Orb Guardian
 10620 | D        | Noticed an Orb Guardian
 10620 | D        | Noticed an Orb Guardian
 10623 | D        | Killed an Orb Guardian
 10629 | D        | Killed an Orb Guardian
 10635 | D        | Killed an Orb Guardian
 10635 | D        | Received a gift from Trog
 10635 | D        | Found the +8 frozen axe "Frostbite" {freezing cloud, *Noise
                  | Fly rC+}
 10639 | D        | Killed an Orb Guardian
 10640 | D        | Reached skill level 15 in Stealth
 10640 | D        | Reached skill level 15 in Evocations
 10643 | D        | Killed an Orb Guardian
 10646 | D        | Killed an Orb Guardian
 10650 | D        | Noticed an Orb Guardian
 10651 | D        | Noticed an Orb Guardian
 10652 | D        | Noticed an Orb Guardian
 10656 | D        | Killed an Orb Guardian
 10660 | D        | Killed an Orb Guardian
 10661 | D        | Noticed an Orb Guardian
 10663 | D        | Killed an Orb Guardian
 10663 | D        | Received a gift from Trog
 10674 | D        | Killed an Orb Guardian
 10720 | D        | Noticed an Orb Guardian
 10720 | D        | Noticed an Orb Guardian
 10730 | D        | Reached XP level 18. HP: 200/200 MP: 18/18
 10737 | D        | Killed an Orb Guardian
 10740 | D        | Noticed an Orb Guardian
 10741 | D        | Killed an Orb Guardian
 10751 | D        | Reached skill level 5 in Axes
 10754 | D        | Noticed an Orb Guardian
 10755 | D        | Received a gift from Trog
 10759 | D        | Killed an Orb Guardian
 10765 | D        | Killed an Orb Guardian
 10889 | D        | Noticed an ancient lich
 10902 | D        | Killed an ancient lich
 10926 | D        | Noticed an orb of fire
 10939 | D        | Killed an orb of fire
 11034 | D        | Noticed an electric golem
 11049 | D        | Killed an electric golem
 11113 | D        | Noticed a golden dragon
 11113 | D        | Noticed an orb of fire
 11113 | D        | Noticed an ancient lich
 11115 | D        | Received a gift from Trog
 11115 | D        | Noticed an ancient lich
 11116 | D        | Killed a golden dragon
 11116 | D        | Noticed an orb of fire
 11122 | D        | Killed an ancient lich
 11130 | D        | Killed an orb of fire
 11138 | D        | Killed an orb of fire
 11138 | D        | Received a gift from Trog
 11140 | D        | Killed an ancient lich
 11228 | D        | Noticed an Orb Guardian
 11229 | D        | Noticed an orb of fire
 11234 | D        | Killed an Orb Guardian
 11243 | D        | Gained mutation: Your spells are a little easier to cast,
                  | but a little less powerful. [an orb of fire]
 11256 | D        | Killed an orb of fire
 11465 | D        | Noticed an Orb Guardian
 11465 | D        | Noticed an Orb Guardian
 11465 | D        | Noticed an Orb Guardian
 11465 | D        | Noticed an Orb Guardian
 11465 | D        | Noticed an Orb Guardian
 11465 | D        | Noticed an Orb Guardian
 11473 | D        | Killed an Orb Guardian
 11482 | D        | Killed an Orb Guardian
 11482 | D        | Received a gift from Trog
 11487 | D        | Killed an Orb Guardian
 11490 | D        | Killed an Orb Guardian
 11495 | D        | Killed an Orb Guardian
 11501 | D        | Killed an Orb Guardian
 11502 | D        | Reached skill level 27 in Throwing
 11576 | D        | Noticed an Orb Guardian
 11577 | D        | Noticed an Orb Guardian
 11579 | D        | Noticed an Orb Guardian
 11584 | D        | Killed an Orb Guardian
 11585 | D        | Reached skill level 10 in Axes
 11589 | D        | Killed an Orb Guardian
 11595 | D        | Killed an Orb Guardian
 11595 | D        | Received a gift from Trog
 11596 | D        | Noticed an Orb Guardian
 11597 | D        | Noticed an Orb Guardian
 11601 | D        | Killed an Orb Guardian
 11612 | D        | Killed an Orb Guardian
 11617 | D        | Noticed an Orb Guardian
 11623 | D        | Killed an Orb Guardian
 11706 | D        | Noticed a lich
 11706 | D        | Noticed a lich
 11706 | D        | Noticed an ancient lich
 11706 | D        | Noticed an ancient lich
 11707 | D        | Noticed a lich
 11715 | D        | Killed an ancient lich
 11715 | D        | Received a gift from Trog
 11719 | D        | Killed an ancient lich
 11720 | D        | Reached XP level 19. HP: 207/207 MP: 19/19
 11727 | D        | Received a gift from Trog
 11737 | D        | Paralysed by a vampire knight for 4 turns
 11749 | D        | Received a gift from Trog
 11756 | D        | Paralysed by something for 4 turns
 12174 | D        | Received a gift from Trog
 12176 | D        | Reached skill level 15 in Axes
 12190 | D        | Received a gift from Trog
 12236 | D        | Received a gift from Trog
 12606 | D        | Received a gift from Trog
 12645 | D        | Received a gift from Trog
 12648 | D        | Got an elven rune of Zot
 12805 | D        | Received a gift from Trog
 12813 | D        | Noticed the Royal Jelly
 12826 | D        | Killed the Royal Jelly
 12995 | D        | Received a gift from Trog
 13033 | D        | Got a slimy rune of Zot
 13147 | D        | Received a gift from Trog
 13154 | D        | Reached skill level 27 in Maces & Flails
 13157 | D        | Received a gift from Trog
 13166 | D        | Paralysed by a sphinx for 4 turns
 13181 | D        | Received a gift from Trog
 13397 | D        | Received a gift from Trog
 13701 | D        | Noticed a royal mummy
 13703 | D        | Identified the +7 war axe of World's End {vorpal, Dex+2}
                  | (Trog gifted it to you in the Dungeon)
 13703 | D        | Received a gift from Trog
 13710 | D        | Killed a royal mummy
 13875 | D        | Received a gift from Trog
 13886 | D        | Noticed a royal mummy
 13886 | D        | Noticed a royal mummy
 13886 | D        | Noticed a royal mummy
 13886 | D        | Noticed a royal mummy
 13891 | D        | Killed a royal mummy
 13892 | D        | Noticed a royal mummy
 13898 | D        | Killed a royal mummy
 13899 | D        | Reached XP level 20. HP: 195/216 MP: 20/20
 13901 | D        | Noticed a royal mummy
 13906 | D        | Killed a royal mummy
 13906 | D        | Received a gift from Trog
 13955 | D        | Killed a royal mummy
 14115 | D        | Killed a royal mummy
 14193 | D        | Killed a royal mummy
 14193 | D        | Received a gift from Trog
 14194 | D        | Reached skill level 27 in Stealth
 14209 | D        | Got a golden rune of Zot
 14218 | D        | Received a gift from Trog
 14235 | D        | Got an abyssal rune of Zot
 14424 | D        | Noticed Geryon
 14433 | D        | Killed Geryon
 14449 | D        | Found the +4 staff of Dispater
 14449 | D        | Noticed Dispater
 14449 | D        | Noticed Ereshkigal
 14449 | D        | Noticed Antaeus
 14462 | D        | Found the +6 sword of Cerebov {flame}
 14462 | D        | Noticed Cerebov
 14645 | D        | Killed Antaeus
 14659 | D        | Killed Ereshkigal
 14745 | D        | Gained mutation: You are weak. (Str -2) [mutagenic glow]
 14752 | D        | Killed Dispater
 14752 | D        | Received a gift from Trog
 14863 | D        | Got a bone rune of Zot
 14866 | D        | Noticed Lom Lobon
 14869 | D        | Noticed Mnoleg
 14883 | D        | HP: 7/324 [Cerebov/the +6 sword of Cerebov {flame} (26)]
 14883 | D        | HP: 1/324 [Cerebov/the +6 sword of Cerebov {flame} (6)]
 14885 | D        | Engulfed by Lom Lobon's freezing vapour

Illustrated notes

Levels and vault maps discovered:
D:        linesprint [early_d, line_temple, items_1, d_10, items_2, lair_1,
          lair_end, items_3, orc_1, orc_end, items_4, d_15, swamp_1, shoals_1,
          snake_1, spider_1, d_20, vaults_1, items_5, swamp_end, shoals_end,
          snake_end, spider_end, vaults_end, d_27, items_6, zot_1, zot_end,
          crypt_end, forest_end, elf_end, slime_end, tomb_end, abyss_end,
          pan_hell_end]

Skill      XL: |  1  2  3  4  5  6  7  8  9 10 11 12 13 14 15 16 17 18 19 20 |
---------------+-------------------------------------------------------------+-----
Fighting       | 6 8 10 11 13 14 16 18 21 24 27 | 27.0
Polearms       | 6 7 9 10 12 14 15 18 20 22 25 27 | 27.0
Armour         | 3 4 5 6 7 8 9 11 14 15 20 27 | 27.0
Dodging        | 3 4 5 6 7 8 9 10 11 12 18 27 | 27.0
Stealth        | 2 3 8 15 18 25 27 | 27.0
Shields        | 1 6 16 27 | 27.0
Evocations     | 2 3 8 15 18 22 25 | 25.4
Short Blades   | 2 |  2.2
Long Blades    | 2 |  2.5
Axes           | 2 3 13 22 26 | 26.6
Maces & Flails | 10 19 22 27 | 27.0
Staves         | 2 |  2.5
Slings         | 2 |  2.2
Bows           | 2 |  2.2
Crossbows      | 2 |  2.3
Throwing       | 8 16 27 | 27.0
Unarmed Combat | 2 |  2.0
Invocations    | 1 |  1.8

Action                   |  1- 3 |  4- 6 |  7- 9 | 10-12 | 13-15 | 16-18 | 19-21 || total
-------------------------+-------+-------+-------+-------+-------+-------+-------++-------
Melee: Spear             |    23 |     7 |       |       |       |       |       ||    30
       Headbutt          |     4 |     2 |    13 |    34 |    86 |   157 |    92 ||   388
       Halberd           |       |     8 |    54 |    87 |       |       |       ||   149
       Glaive            |       |       |       |   156 |   479 |   165 |       ||   800
       Demon trident     |       |       |       |       |       |   547 |   249 ||   796
       Morningstar       |       |       |       |       |       |       |   133 ||   133
Throw: Javelin           |       |       |       |       |       |     9 |    19 ||    28
Invok: Berserk           |     1 |     1 |     3 |     6 |    12 |    14 |     9 ||    46
       Brothers in Arms  |       |       |       |     1 |     2 |     2 |     7 ||    12
       Trog's Hand       |       |       |       |       |       |     1 |     3 ||     4
 Abil: Evoke Blink       |       |       |       |       |     1 |       |       ||     1
  Use: Scroll            |       |       |       |     2 |       |    17 |     5 ||    24
       Potion            |       |       |       |     2 |     3 |     4 |    13 ||    22
 Stab: Distracted        |       |       |       |       |       |       |     4 ||     4
       Sleeping          |       |       |       |       |       |       |     1 ||     1
Armor: Animal skin       |     1 |     1 |       |       |       |       |       ||     2
       Scale mail        |       |       |     6 |    17 |       |       |       ||    23
       Plate armour      |       |       |       |    21 |   170 |    37 |       ||   228
       Gold dragon scale |       |       |       |       |       |    85 |   122 ||   207
       Chain mail        |       |       |       |       |       |       |     9 ||     9
Dodge: Dodged            |     9 |     2 |    14 |    48 |   130 |   117 |    93 ||   413
Block: Other             |       |       |       |     3 |    51 |    17 |       ||    71
       Reflection        |       |       |       |       |     4 |     4 |     7 ||    15
       Tower shield      |       |       |       |       |       |   215 |   176 ||   391
       Kite shield       |       |       |       |       |       |       |    56 ||    56

Table legend: (Time is in decaauts) A = Elapsed time spent in this place. B = Non-inter-level travel time spent in this place. C = Inter-level travel time spent in this place. D = Time resting spent in this place. E = Time spent auto-exploring this place. F = Levels seen in this place. G = Mean time per level. A B C D E F G +--------+--------+--------+--------+--------+-----+--------+ Total | 14555 | 14555 | 0 | 9184 | 751 | 1 | 14555.0 | Dungeon | 14555 | 14555 | 0 | 9184 | 751 | 1 | 14555.0 | +--------+--------+--------+--------+--------+-----+--------+

Top non-repeatable levels by time:
       D: 14555 daAuts
